 Dungeon Crawl Stone Soup version 0.23.2-1-ga50397a6bc (webtiles) character file.

Game seed: 1240084711538087678

11837 MrOpenMyHer the Severer (level 11, -12/103 HPs)
             Began as a Minotaur Berserker on Apr 27, 2019.
             Was a High Priest of Trog.
             Mangled by a death yak (22 damage)
             ... on level 2 of the Lair of Beasts.
             The game lasted 00:37:20 (10846 turns).

MrOpenMyHer the Severer (Minotaur Berserker)       Turns: 10846, Time: 00:37:21

Health: -12/103    AC: 16    Str: 23    XL:     11   Next: 54%
Magic:  10/10      EV:  8    Int:  4    God:    Trog [*****.]
Gold:   590        SH:  0    Dex: 12    Spells: 10/10 levels left

rFire    . . .     SeeInvis .   d - +2 executioner's axe (flame)
rCold    . . .     Gourm    .   (shield currently unavailable)
rNeg     . . .     Faith    .   b - +0 plate armour
rPois    .         Spirit   .   (helmet restricted)
rElec    .         Reflect  .   (no cloak)
rCorr    .         Harm     .   m - +0 pair of gloves
MR       .....                  (no boots)
Stlth    ..........             o - amulet of regeneration
HPRegen  0.67/turn              (no ring)
MPRegen  0.12/turn              (no ring)

@: no status effects
A: retaliatory headbutt, horns 2
a: Berserk, Trog's Hand, Brothers in Arms, Renounce Religion


You were on level 2 of the Lair of Beasts.
You worshipped Trog.
Trog was extremely pleased with you.
You were very hungry.

You visited 2 branches of the dungeon, and saw 11 of its levels.
You also visited: Ossuary.

You collected 785 gold pieces.
You spent 195 gold pieces at shops.

Inventory:

Hand Weapons
 d - a +2 executioner's axe of flaming (weapon)
 p - the +6 war axe of Ybbamedopn {venom, rN+}
   (You bought it in a shop on level 4 of the Dungeon)

   It poisons the flesh of those it strikes.
   It protects you from negative energy.
Armour
 b - a +0 plate armour (worn)
 m - a +0 pair of gloves (worn)
Jewellery
 o - an amulet of regeneration (around neck)
Wands
 y - a wand of clouds (1)
Scrolls
 i - 7 scrolls of remove curse
 k - a scroll of enchant weapon
 n - a scroll of fog
 q - 3 scrolls of identify
 s - 2 scrolls of teleportation
Potions
 a - a potion of invisibility
 e - a potion of might {unknown}
 f - 6 potions of mutation
 g - 6 potions of heal wounds
 h - 5 potions of curing
 j - 3 potions of brilliance
 l - 3 potions of haste
 u - 2 potions of agility
 v - a potion of ambrosia {unknown}
 w - a potion of berserk rage {unknown}
Comestibles
 c - 24 rations


   Skills:
 + Level 11.6 Fighting
 * Level 15.1 Axes
 + Level 10.8 Armour
 - Level 3.1 Dodging
 - Level 1.1 Stealth


You had 10 spell levels left.
You didn't know any spells.
Your spell library was empty.

Dungeon Overview and Level Annotations

Branches:
Dungeon (9/15)             Temple (0/1) D:7            Lair (2/6) D:9
  Swamp: Lair:2-4    Shoals: Lair:2-4     Snake: Lair:2-4    Spider: Lair:2-4
    Orc: D:9-12

Altars:
Ashenzari
Elyvilon
Hepliaklqana
Makhleb
Ru
Vehumet
Yredelemnul

Shops:
D:4 (   D:7 }

Annotations:
Lair:1 exclusion: 2 oklob plants


Innate Abilities, Weirdness & Mutations

You reflexively headbutt those who attack you in melee.
You have a pair of horns on your head.


Message History

A death yak comes into view.
The death yak is engulfed in poison gas.
The death yak looks even sicker.
The death yak gores you!
* * * LOW HITPOINT WARNING * * *
The death yak is engulfed in poison gas.
The death yak is poisoned.
Your plate armour prevents you from hitting the death yak.
Your headbutt misses the death yak.
The death yak is heavily wounded.
The death yak is engulfed in poison gas.
The death yak looks even sicker.
The death yak gores you!!
* * * LOW HITPOINT WARNING * * *
The death yak is engulfed in poison gas.
The death yak looks even sicker.
You slash the death yak! You burn the death yak.
The death yak is severely wounded.
The death yak is engulfed in poison gas.
The death yak looks as sick as possible!
The death yak gores you!!
You die...

#.............##.........
#.............#.##........
##.....................<..
#......#.................
#.....###....#...........
##....##....P##..........
#....###....#.....
##...##......P....
#@...#P...........
#...§Y#............##.#
#.§YP##............# #
#.§§# #............## #.§§
.....#........# #..
#....#......P## #.
#....##.....##### ..
....##.......#..
#..........


You could see 2 death yaks.

Vanquished Creatures
  Fannar (Lair:2)
  A catoblepas (Lair:2)
  A two-headed ogre (D:9)
  Sonja (Lair:2)
  An unseen horror (D:8)
  Psyche (D:8)
  A spiny frog (Lair:1)
  A komodo dragon (Lair:1)
  2 polar bears (Lair:1)
  3 hippogriffs
  Sigmund (D:2)
  A wyvern (D:9)
  7 yaks (D:9)
  2 wargs (D:9)
  4 water moccasins
  2 ice beasts (D:8)
  2 sky beasts (D:6)
  2 phantoms
  4 orc warriors
  A black bear (Lair:1)
  4 ogres
  2 centaurs
  2 crocodiles
  2 elf zombies (Ossuary)
  A gnoll sergeant (D:7)
  7 bullfrogs
  A big kobold (D:7)
  3 scorpions
  A water moccasin skeleton (D:7)
  7 killer bees (D:9)
  7 wights
  An electric eel (Lair:1)
  2 centaur zombies
  6 howler monkeys
  A bullfrog zombie (D:6)
  6 crimson imps
  2 jellies
  5 orc priests
  A bullfrog skeleton (D:8)
  2 centaur skeletons
  4 hounds
  A human zombie (Ossuary)
  5 orc wizards
  5 iguanas
  7 worker ants
  A big kobold zombie (Ossuary)
  3 hound zombies (Ossuary)
  4 mummies
  3 gnolls (D:7)
  12 adders
  2 shadow imps
  An ooze (D:3)
  An adder skeleton (D:4)
  4 adder zombies (Ossuary)
  A worm (D:2)
  8 leopard geckos
  21 orcs
  2 ball pythons
  7 giant cockroaches
  2 gnoll zombies (Ossuary)
  7 goblins
  7 hobgoblins
  5 jackals
  5 quokkas
  5 bats
  8 frilled lizards
  2 goblin zombies (Ossuary)
  5 hobgoblin zombies (Ossuary)
  4 jackal zombies
  13 kobolds
  A kobold zombie (Ossuary)
  A leopard gecko skeleton (D:3)
  An orc zombie (Ossuary)
  10 quokka zombies
  4 rats
  2 rat zombies (Ossuary)
276 creatures vanquished.

Vanquished Creatures (others)
  A quokka (D:8)
1 creature vanquished.

Grand Total: 277 creatures vanquished

Notes
Turn   | Place    | Note
-------+----------+-------------------------------------------
     0 | D:1      | MrOpenMyHer the Minotaur Berserker began the quest for the
                  | Orb.
     0 | D:1      | Reached XP level 1. HP: 19/19 MP: 0/0
   265 | D:1      | Reached XP level 2. HP: 17/27 MP: 1/1
   266 | D:1      | Reached skill level 4 in Axes
  1234 | D:2      | Found a basalt altar of Yredelemnul.
  1236 | D:2      | Found a hazy altar of Hepliaklqana.
  1241 | D:2      | Found a shattered altar of Ashenzari.
  1264 | D:2      | Reached * piety under Trog
  1401 | D:2      | Noticed Sigmund
  1411 | D:2      | Killed Sigmund
  1411 | D:2      | Reached skill level 5 in Fighting
  1411 | D:2      | Reached skill level 5 in Axes
  1411 | D:2      | Reached XP level 3. HP: 36/36 MP: 2/2
  1411 | D:2      | Reached XP level 4. HP: 42/42 MP: 3/3
  1411 | D:2      | Reached XP level 5. HP: 48/48 MP: 4/4
  1492 | D:2      | Reached skill level 1 in Stealth
  1538 | D:2      | Reached skill level 6 in Axes
  1609 | D:2      | Noticed a centaur
  1611 | D:2      | Reached ** piety under Trog
  1624 | D:2      | Killed a centaur
  1624 | D:2      | Reached XP level 6. HP: 25/56 MP: 5/5
  2847 | D:4      | Found a sand-covered staircase.
  2860 | Ossuary  | Entered an ossuary
  2968 | Ossuary  | Reached skill level 7 in Axes
  2968 | Ossuary  | Reached XP level 7. HP: 53/63 MP: 6/6
  2973 | Ossuary  | Reached *** piety under Trog
  3526 | D:4      | Reached skill level 8 in Axes
  3554 | D:4      | Found Ahourghish's Antique Weapon Shoppe.
  3556 | D:4      | You fall through a shaft for 3 floors!
  3574 | D:7      | Found a staircase to the Ecumenical Temple.
  3598 | D:7      | Reached skill level 5 in Armour
  3650 | D:7      | Reached **** piety under Trog
  3698 | D:7      | Reached XP level 8. HP: 71/71 MP: 7/7
  3803 | D:6      | Reached skill level 9 in Axes
  4140 | D:6      | Found a shattered altar of Ashenzari.
  4359 | D:5      | Entered Level 5 of the Dungeon
  4610 | D:4      | Reached skill level 10 in Axes
  4932 | D:4      | Bought an iridescent war axe for 195 gold pieces
  4932 | D:4      | Identified the +6 war axe of Ybbamedopn {venom, rN+} (You
                  | bought it in a shop on level 4 of the Dungeon)
  5475 | D:5      | Reached XP level 9. HP: 77/81 MP: 8/8
  5950 | D:6      | Found a sacrificial altar of Ru.
  6276 | D:7      | Found Ubbed's Gadget Emporium.
  6281 | D:7      | Reached skill level 11 in Axes
  6518 | D:7      | Reached ***** piety under Trog
  6561 | D:7      | Found a burning altar of Makhleb.
  6561 | D:7      | Found a radiant altar of Vehumet.
  6983 | D:8      | Noticed Psyche
  6992 | D:8      | Killed Psyche
  7027 | D:8      | Reached skill level 12 in Axes
  7108 | D:8      | Found a white marble altar of Elyvilon.
  7176 | D:8      | Killed an unseen horror
  7176 | D:8      | Reached XP level 10. HP: 16/92 MP: 9/9
  7674 | D:8      | Reached skill level 10 in Fighting
  7829 | D:9      | Got a crude hand axe
  7830 | D:9      | Identified the +4 hand axe "Koicwuze" {chop, +Fly} (You
                  | found it on level 9 of the Dungeon)
  8049 | D:9      | Reached skill level 13 in Axes
  8449 | D:9      | Received a gift from Trog
  8562 | D:9      | Found a staircase to the Lair.
  8631 | D:9      | Noticed a two-headed ogre
  8635 | D:9      | Killed a two-headed ogre
  8635 | D:9      | Reached skill level 14 in Axes
  8635 | D:9      | Reached skill level 10 in Armour
  8635 | D:9      | Reached XP level 11. HP: 91/101 MP: 10/10
  9086 | Lair:1   | Entered Level 1 of the Lair of Beasts
  9381 | Lair:1   | Noticed an oklob plant
 10091 | Lair:1   | Noticed an oklob plant
 10250 | Lair:2   | Noticed Sonja
 10258 | Lair:2   | Killed Sonja
 10260 | Lair:2   | Noticed Fannar
 10280 | Lair:2   | Killed Fannar
 10658 | Lair:2   | Noticed a catoblepas
 10667 | Lair:2   | Killed a catoblepas
 10667 | Lair:2   | Reached skill level 15 in Axes
 10835 | Lair:2   | Noticed a death yak
 10844 | Lair:2   | Noticed a death yak
 10846 | Lair:2   | Mangled by a death yak

Skill      XL: |  1  2  3  4  5  6  7  8  9 10 11 |
---------------+----------------------------------+-----
Axes           | 5 6 7 8 10 12 14 15 | 15.1
Fighting       | 5 6 8 9 10 11 | 11.6
Armour         | 3 4 5 6 8 10 | 10.8
Stealth        | 1 |  1.1
Dodging        | 3 |  3.1

Action                   |  1- 3 |  4- 6 |  7- 9 | 10-12 || total
-------------------------+-------+-------+-------+-------++-------
Melee: Hand axe          |    47 |   131 |   264 |     3 ||   445
       Headbutt          |    10 |    18 |    81 |    46 ||   155
       War axe           |       |       |   122 |   109 ||   231
       Executioner's axe |       |       |       |    88 ||    88
Invok: Berserk           |     1 |       |     2 |     2 ||     5
Evoke: Wand              |       |       |       |     4 ||     4
  Use: Scroll            |     2 |     4 |    11 |     8 ||    25
       Potion            |       |       |       |     1 ||     1
 Stab: Confused          |       |       |       |     1 ||     1
  Eat: Chunk             |     1 |     6 |    10 |     8 ||    25
       Ration            |       |       |     2 |     1 ||     3
Armor: Ring mail         |     1 |    20 |       |       ||    21
       Plate armour      |       |    37 |   192 |   165 ||   394
       Chain mail        |       |     7 |       |       ||     7
Dodge: Dodged            |    25 |    69 |   127 |    83 ||   304
